 Dungeon Crawl Stone Soup version 0.23.2 (webtiles) character file.

Game seed: 2916510768625249495

1771 Kairos the Sneak (level 9, -2/47 HPs)
             Began as a Vine Stalker Abyssal Knight on Apr 10, 2019.
             Was a Follower of Lugonu.
             Slain by a killer bee (5 damage)
             ... on level 7 of the Dungeon.
             The game lasted 00:11:50 (6327 turns).

Kairos the Sneak (Vine Stalker Abyssal Knight)      Turns: 6327, Time: 00:11:51

Health: -2/47      AC: 13    Str: 18    XL:     9   Next: 7%
Magic:  0/11       EV:  8    Int: 12    God:    Lugonu [*.....]
Gold:   338        SH:  2    Dex: 14    Spells: 6/8 levels left

rFire    . . .     SeeInvis .   q - +1 war axe (flame)
rCold    + . .     Gourm    .   (no shield)
rNeg     . . .     Faith    .   e - +1 chain mail
rPois    .         Spirit   +   (helmet restricted)
rElec    .         Reflect  +   (no cloak)
rCorr    .         Harm     .   u - +0 pair of gloves
MR       ++...                  (no boots)
Stlth    +.........             g - +2 amulet of reflection
HPRegen  0.55/turn              D - ring of protection from magic
MPRegen  0.12/turn              A - ring of stealth

@: lethally poisoned (-2 -> -3)
A: antennae 1, fangs 3, rugged brown scales 1, cold resistance 1, regeneration
1, magic shield, antimagic bite, no potion heal 3, rot immunity, MP-powered
wands
a: Depart the Abyss, Renounce Religion


You were on level 7 of the Dungeon.
You worshipped Lugonu.
Lugonu was aware of your devotion.
You were not hungry.

You visited 1 branch of the dungeon, and saw 7 of its levels.
You visited the Abyss 1 time.

You collected 338 gold pieces.

Inventory:

Hand Weapons
 a - a +1 short sword
 q - a +1 war axe of flaming (weapon)
 z - the +7 great sword "Orb Guardian's Peril" {antimagic, Dex+5}
   (You found it on level 6 of the Dungeon)

   It reduces the magical energy of the wielder, and disrupts the spells and
   magical abilities of those hit.
   Natural abilities and divine invocations are not affected.
   It affects your dexterity (+5).
Armour
 b - a +0 leather armour
 e - a +1 chain mail (worn)
 u - a +0 pair of gloves (worn)
Jewellery
 d - an uncursed amulet of faith
 g - a +2 amulet of reflection (around neck)
 m - a +2 ring of intelligence
 A - a ring of stealth (right hand)
 D - a ring of protection from magic (left hand)
Wands
 k - a wand of random effects (20)
 p - a wand of enslavement (4)
 t - a wand of flame (10)
 x - a wand of digging (5)
 y - a wand of paralysis (9)
Scrolls
 i - 2 scrolls of remove curse
 s - 3 scrolls of identify
 v - a scroll of amnesia
 w - a scroll of teleportation
 E - a scroll of fog {unknown}
 F - a scroll of blinking {unknown}
Potions
 f - 9 potions of curing
 h - 2 potions of mutation
 j - a potion of resistance {unknown}
 l - a potion of agility {unknown}
 n - 2 potions of brilliance {unknown}
 o - a potion of magic {unknown}
 r - a potion of lignification {unknown}
 B - a potion of degeneration {unknown}
 C - a potion of berserk rage {unknown}
Comestibles
 c - 9 rations


   Skills:
 + Level 4.5 Fighting
 + Level 3.8(4.0) Short Blades
 + Level 1.4(2.8) Long Blades
 + Level 4.7 Axes
 + Level 5.0 Armour
 + Level 1.7 Dodging
 * Level 6.4 Stealth
 + Level 1.9 Invocations


You had 6 spell levels left.
You knew the following spells:

 Your Spells              Type           Power        Failure   Level  Hunger
a - Blink                 Tloc           N/A          99%         2    ###....

Your spell library contained the following spells:

 Spells                   Type           Power        Failure   Level  Hunger
 Magic Dart               Conj           #...         98%         1    ##.....
 Call Imp                 Summ           #.......     99%         2    ###....
 Slow                     Hex            #.......     99%         2    ###....
 Conjure Flame            Conj/Fire      #.......     100%        3    ####...
 Mephitic Cloud           Conj/Pois/Air  #.......     100%        3    ####...


Dungeon Overview and Level Annotations

Branches:
Dungeon (7/15)             Temple (0/1) D:4

Altars:
Hepliaklqana
Sif Muna

Shops:
D:4 (

Annotations:
D:4 2 runed translucent doors, grocchini's ghost, amateur HOMo


Innate Abilities, Weirdness & Mutations

You have razor-sharp teeth.
Your natural rate of healing is unusually fast.
When hurt, damage is shared between your health and your magic reserves.
Your bite disrupts and absorbs the magic of your enemies.
Potions cannot restore your health.
You are immune to rotting.
You have a pair of small antennae on your head.
You are partially covered in rugged brown scales. (AC +1, +3% HP)
Your flesh is cold resistant. (rC+)
You expend magic power (3 MP) to strengthen your wands.


Message History

The killer bee stings you but does no damage.
The orc hits you but does no damage.
You closely miss the killer bee. Your bite misses the killer bee.
The killer bee is moderately wounded.
You hit the orc. You burn the orc. You closely miss the bullfrog.
You feel sick. The killer bee stings you.
* * * LOW HITPOINT WARNING * * *
The bullfrog barely misses you. The killer bee barely misses you.
The bullfrog hits you.
* * * LOW HITPOINT WARNING * * *
The orc hits you but does no damage.
You hit the orc. You burn the orc.
You kill the orc!
Lugonu accepts your kill.
You miss the killer bee. You slash the bullfrog! You burn the bullfrog.
You kill the bullfrog!
Lugonu accepts your kill.
Your Armour skill increases to level 5!
The killer bee stings you.
You die...

#...#..... #..
#..##...# #..
#..##...# #..
#.......# #..
#.......+ #..
#..##...# ##..
######..##...#
#...##...##...#...#
#).)@#{.......+...#
#..)y+y..##..######
#(..##y..######.#
#... #...##..Sy..
#... #....+.yyy..
#... #...##{.##.#
#... #...# .# #...
#.... Z. ###### o.


You could see a killer bee.

Vanquished Creatures
  Grinder (D:4)
  Prince Ribbit (D:5)
  Sigmund (D:5)
  3 sky beasts (D:5)
  An ogre (D:6)
  A bullfrog (D:7)
  Blork the orc (D:6)
  2 scorpions (D:4)
  A killer bee (D:7)
  2 crimson imps
  4 hounds
  An orc priest (D:7)
  2 orc wizards (D:7)
  Jessica (D:2)
  An iguana (D:4)
  A worker ant (D:6)
  Natasha (thrice) (D:3)
  A hound skeleton (D:6)
  8 adders
  An ufetubus (Abyss:2)
  An ooze (D:3)
  2 adder skeletons
  2 worms
  2 dart slugs (D:2)
  A leopard gecko (D:3)
  14 orcs
  2 bats
  A giant cockroach (D:1)
  4 goblins
  7 hobgoblins
  7 jackals (D:3)
  2 kobolds
  2 quokkas
  2 ball pythons
  A ball python skeleton (D:4)
  2 frilled lizards (D:2)
  A giant cockroach zombie (D:6)
  A quokka skeleton (D:4)
  7 rats
98 creatures vanquished.

Notes
Turn   | Place    | Note
-------+----------+-------------------------------------------
     0 | Abyss:1  | Kairos the Vine Stalker Abyssal Knight began the quest for
                  | the Orb.
     0 | Abyss:1  | Reached XP level 1. HP: 11/11 MP: 3/3
     1 | Abyss:1  | Found a corrupted altar of Lugonu.
    94 | Abyss:2  | Found a corrupted altar of Lugonu.
   150 | Abyss:2  | Noticed a frost giant zombie
   174 | Abyss:2  | Noticed a small abomination
   189 | Abyss:2  | Noticed a small abomination
   238 | Abyss:2  | Noticed a ynoxinul
   259 | Abyss:2  | Noticed a quasit
   264 | Abyss:2  | Noticed a large abomination
   284 | Abyss:2  | Noticed a large abomination
   291 | D:1      | Escaped the Abyss
   782 | D:1      | Reached XP level 2. HP: 16/16 MP: 4/4
  1703 | D:2      | Found a hazy altar of Hepliaklqana.
  1744 | D:2      | Reached XP level 3. HP: 20/20 MP: 5/5
  1803 | D:2      | Noticed Jessica
  1809 | D:2      | Killed Jessica
  1809 | D:2      | Reached skill level 1 in Stealth
  1862 | D:2      | Gained mutation: Your natural rate of healing is unusually
                  | fast. [Vine Stalker growth]
  1862 | D:2      | Reached XP level 4. HP: 24/24 MP: 6/6
  2154 | D:3      | Reached skill level 1 in Dodging
  2158 | D:3      | Reached * piety under Lugonu
  2167 | D:3      | Reached skill level 2 in Stealth
  2194 | D:3      | Found a faded altar of an unknown god.
  2225 | D:3      | Noticed Natasha
  2239 | D:3      | Killed Natasha
  2239 | D:3      | Reached XP level 5. HP: 24/28 MP: 7/7
  2368 | D:3      | Noticed Natasha
  2390 | D:3      | Killed Natasha
  2581 | D:3      | You fall through a shaft for 2 floors!
  2581 | D:5      | Entered Level 5 of the Dungeon
  2586 | D:5      | Noticed Prince Ribbit
  2833 | D:4      | Reached XP level 6. HP: 20/32 MP: 5/8
  2859 | D:4      | Reached skill level 3 in Stealth
  3048 | D:4      | Found Unaeroyh's Antique Weapon Shop.
  3214 | D:4      | Found a runed translucent door.
  3218 | D:4      | Noticed grocchini's ghost (amateur HOMo)
  3282 | D:4      | Found a staircase to the Ecumenical Temple.
  3738 | D:4      | Found a runed translucent door.
  3814 | D:3      | Noticed Natasha
  3819 | D:3      | Killed Natasha
  3910 | D:3      | Gained mutation: You have a pair of small horns on your
                  | head. [potion of mutation]
  3910 | D:3      | Gained mutation: You are robust. (+10% HP) [potion of
                  | mutation]
  3929 | D:3      | Lost mutation: You are robust. (+10% HP) [potion of
                  | mutation]
  3929 | D:3      | Lost mutation: You have a pair of small horns on your head.
                  | [potion of mutation]
  3929 | D:3      | Gained mutation: You are weak. (Str -2) [potion of
                  | mutation]
  3929 | D:3      | Gained mutation: You are partially covered in rugged brown
                  | scales. (AC +1, +3% HP) [potion of mutation]
  3929 | D:3      | Gained mutation: You have a pair of small antennae on your
                  | head. [potion of mutation]
  4014 | D:4      | Lost mutation: You are weak. (Str -2) [potion of mutation]
  4014 | D:4      | Gained mutation: You expend magic power (3 MP) to
                  | strengthen your wands. [potion of mutation]
  4014 | D:4      | Gained mutation: Your flesh is cold resistant. (rC+)
                  | [potion of mutation]
  4121 | D:5      | Noticed Grinder
  4144 | D:4      | Reached skill level 1 in Axes
  4144 | D:4      | Reached XP level 7. HP: 31/38 MP: 7/9
  4157 | D:4      | Killed Grinder
  4157 | D:4      | Reached skill level 4 in Stealth
  4756 | D:5      | Learned a level 2 spell: Blink
  4764 | D:5      | Noticed Sigmund
  4863 | D:5      | Killed Sigmund
  4863 | D:5      | Gained mutation: You have razor-sharp teeth. [Vine Stalker
                  | growth]
  4863 | D:5      | Reached XP level 8. HP: 37/43 MP: 7/10
  4927 | D:5      | Killed Prince Ribbit
  4927 | D:5      | Reached skill level 5 in Stealth
  5177 | D:5      | Found a deep blue altar of Sif Muna.
  5652 | D:6      | Reached skill level 6 in Stealth
  5660 | D:6      | Got an encrusted great sword
  5661 | D:6      | Identified the +7 great sword "Orb Guardian's Peril"
                  | {antimagic, Dex+5} (You found it on level 6 of the Dungeon)
  6003 | D:6      | Noticed Blork the orc
  6011 | D:6      | Killed Blork the orc
  6224 | D:7      | HP: 2/43 [killer bee (1)]
  6316 | D:7      | Reached XP level 9. HP: 46/47 MP: 3/11
  6322 | D:7      | Reached skill level 1 in Long Blades
  6326 | D:7      | HP: 2/47 [bullfrog (2)]
  6327 | D:7      | Reached skill level 5 in Armour
  6327 | D:7      | Slain by a killer bee

Skill      XL: |  1  2  3  4  5  6  7  8  9 |
---------------+----------------------------+-----
Fighting       | 3 4 |  4.5
Short Blades   | 2 3 |  3.8
Armour         | 2 3 4 5 |  5.0
Stealth        | 1 2 3 4 6 |  6.4
Dodging        | 1 |  1.7
Axes           | 1 3 4 |  4.7
Long Blades    | 1 |  1.4
Invocations    | |  1.9

Action                   |  1- 3 |  4- 6 |  7- 9 || total
-------------------------+-------+-------+-------++-------
Melee: Short sword       |    74 |   137 |       ||   211
       Bite              |    15 |    51 |    31 ||    97
       War axe           |       |    50 |    90 ||   140
       Great sword       |       |       |    28 ||    28
Invok: Depart the Abyss  |     1 |       |       ||     1
Evoke: Wand              |       |       |     2 ||     2
  Use: Potion            |     3 |     3 |     3 ||     9
       Scroll            |     3 |     3 |     1 ||     7
 Stab: Paralysed         |       |       |     1 ||     1
  Eat: Chunk             |     2 |     5 |       ||     7
       Ration            |       |     2 |     1 ||     3
Armor: Chain mail        |    35 |   115 |    99 ||   249
Dodge: Dodged            |    20 |    69 |    54 ||   143
Block: Other             |     1 |    18 |     7 ||    26
       Reflection        |       |       |     2 ||     2
       Rpst.: Great sword |       |       |    13 ||    13
